 Dungeon Crawl Stone Soup version 0.29.1-15-g9cfb28693d (webtiles) character file.

Game seed: 1474796264963253627

140 DemonSlayer the Digger (level 5, -4/35 HPs)
             Began as a Demonspawn Earth Elementalist on Mar 13, 2023.
             Slain by a gnoll
             ... wielding a +0 whip
              (8 damage)
             ... on level 3 of the Dungeon.
             The game lasted 00:04:31 (2313 turns).

DemonSlayer the Digger (DsEE)                       Turns: 2313, Time: 00:04:31

Health: -4/35      AC:  5    Str:  8    XL:     5   Next: 2%
Magic:  2/9        EV:  6    Int: 16    God:
Gold:   189        SH:  0    Dex: 16    Spells: 7/10 levels left

rFire   . . .      SeeInvis .   e - +1 dagger (speed)
rCold   . . .      Faith    .   (no shield)
rNeg    . . .      Spirit   .   a - +0 robe
rPois   .          Reflect  .   (no helmet)
rElec   .          Harm     .   (no cloak)
rCorr   .          Rampage  .   i - +0 pair of gloves
Will    +....                   (no boots)
Stlth   ++........              (no amulet)
HPRegen 0.11/turn               d - ring of willpower
MPRegen 0.11/turn               (no ring)

@: held
A: icy blue scales 1
a: no special abilities


You were on level 3 of the Dungeon.
You visited 1 branch of the dungeon, and saw 3 of its levels.

You collected 189 gold pieces.

Inventory:

Hand Weapons
 e - a +1 dagger of speed (weapon)
Armour
 a - a +0 robe (worn)
 i - a +0 pair of gloves (worn)
Jewellery
 d - a ring of willpower (left hand)
Scrolls
 b - 2 scrolls of amnesia {unknown}
 c - 5 scrolls of identify {unknown}
 g - 2 scrolls of teleportation {unknown}
Potions
 f - 2 potions of might {unknown}
 h - 2 potions of lignification {unknown}
 j - a potion of heal wounds {unknown}


   Skills:
 + Level 0.2 Fighting
 + Level 0.5 Short Blades
 + Level 2.1 Dodging
 + Level 2.2 Stealth
 + Level 3.2 Spellcasting
 + Level 0.8 Transmutations
 + Level 3.9 Earth Magic


You had 7 spell levels left.
You knew the following spells:

 Your Spells              Type           Power      Damage    Failure   Level
a - Sandblast             Erth           30%        2d9       3%          1
b - Passwall              Tmut/Erth      8%         N/A       11%         2

Your spell library contained the following spells:

 Spells                   Type           Power      Damage    Failure   Level
 Sting                    Tmut/Pois      12%        1d3       16%         1
 Stone Arrow              Conj/Erth      16%        3d8       24%         3
 Poisonous Vapours        Pois/Air       4%         N/A       28%         2
 Petrify                  Tmut/Erth      10%        N/A       56%         4
 Olgreb's Toxic Radiance  Pois           2%         N/A       88%         4


Dungeon Overview and Level Annotations

Branches:
Dungeon (3/15)

Altars:


Innate Abilities, Weirdness & Mutations

You are partially covered in icy blue scales. (AC +2)


Message History

You see here 4 poisoned darts.
There are monsters nearby!
There are monsters nearby!
There are monsters nearby!
There are monsters nearby!
The blast of sand hits the gnoll!
The gnoll is severely wounded.
The gnoll shouts!
A gnoll comes into view. It is wielding a +0 whip.
The blast of sand hits the gnoll.
You kill the gnoll!
The blast of sand misses the gnoll.
The blast of sand hits the gnoll.
The gnoll is heavily wounded.
The gnoll hits you with a +0 flail!
The blast of sand hits the gnoll!
You kill the gnoll!
The gnoll hits you but does no damage.
You have reached level 5!
The blast of sand misses the gnoll.
The blast of sand hits the gnoll!
The gnoll is almost dead.
The gnoll hits you with a +0 club.
The blast of sand hits the gnoll!
The gnoll is severely wounded.
The gnoll hits you with a +0 club.
The gnoll throws a throwing net.
The throwing net hits you.
You become entangled in the net!
The gnoll hits you but does no damage.
You are too injured to fight recklessly!
You are too injured to fight recklessly!
You are too injured to fight recklessly!
Unknown command.
You struggle against the net.
The gnoll barely misses you. The gnoll hits you but does no damage.
You struggle against the net.
The gnoll hits you with a +0 club. The gnoll hits you with a +0 whip.
* * * LOW HITPOINT WARNING * * *
You tear a large gash into the net.
The gnoll hits you with a +0 club.
* * * LOW HITPOINT WARNING * * *
The gnoll hits you with a +0 whip!
You die...

#. .....#. ######
....... .....#
......# ####.#
......# #..
......# #.##
##.)...## #
#...###gg.....#
#.##.....@......#
####..
......##........#
.....#
#........#.....##
######
#........##...##
#........# #### #
#######.## # #.#
#### #.# ...#
##.#


You could see 2 gnolls.

Vanquished Creatures
  An orc priest (D:2)
  2 orc wizards (D:2)
  2 gnolls (D:3)
  2 orcs (D:2)
  4 bats (D:1)
  5 endoplasms
  A goblin (D:3)
  5 hobgoblins
  2 quokkas (D:1)
  4 ball pythons
  3 frilled lizards
  5 kobolds
  6 rats
42 creatures vanquished.

Notes
Turn   | Place    | Note
-------+----------+-------------------------------------------
     0 | D:1      | DemonSlayer the Demonspawn Earth Elementalist began the
                  | quest for the Orb.
     0 | D:1      | Reached XP level 1. HP: 13/13 MP: 3/3
   176 | D:1      | Gained mutation: You are partially covered in icy blue
                  | scales. (AC +2) [demonic ancestry]
   176 | D:1      | Reached XP level 2. HP: 19/19 MP: 3/5
  1079 | D:1      | Learned a level 2 spell: Passwall
  1118 | D:2      | Found a faded altar of an unknown god.
  1118 | D:2      | Noticed a great orb of eyes
  1136 | D:2      | Noticed a great orb of eyes
  1141 | D:2      | Noticed an eye of devastation
  1144 | D:2      | Noticed a great orb of eyes
  1459 | D:2      | Reached XP level 3. HP: 24/24 MP: 4/6
  1689 | D:2      | Reached XP level 4. HP: 20/30 MP: 2/8
  2309 | D:3      | Reached XP level 5. HP: 25/35 MP: 3/9
  2313 | D:3      | Slain by a gnoll

Illustrated notes

Levels and vault maps discovered:
D:1:      elethiomel_arrival_maze, layout_basic
D:2:      cheibrodos_pilgrimage, layout_basic,
          hellmonk_ecumenical_altar_watching_god, kennysheep_generic_room_8
D:3:      layout_rooms

Skill      XL: |  1  2  3  4 |
---------------+-------------+-----
Earth Magic    | 3 |  3.9
Dodging        | 2 |  2.1
Stealth        | 2 |  2.2
Spellcasting   | 3 |  3.2
Fighting       | |  0.2
Short Blades   | |  0.5
Transmutations | |  0.8

Action                   |  1- 3 |  4- 6 || total
-------------------------+-------+-------++-------
Melee: Dagger            |    27 |    11 ||    38
       Punch             |     1 |       ||     1
 Cast: Sandblast         |    46 |    21 ||    67
  Use: Potion            |     1 |       ||     1
 Stab: Sleeping          |     1 |       ||     1
Armor: Robe              |    13 |     6 ||    19
Dodge: Dodged            |    14 |     4 ||    18
